 Dungeon Crawl Stone Soup version 0.28.0-43-g3370ac3207 (webtiles) character file.

Game seed: 18026750662752165804

2035 Kniotic the Destroyer (level 8, -8/57 HPs)
             Began as a Demigod Conjurer on Mar 14, 2022.
             Killed from afar by a steam dragon (16 damage)
             ... with a ball of steam
             ... on level 7 of the Dungeon.
             The game lasted 00:23:16 (9358 turns).

Kniotic the Destroyer (Demigod Conjurer)            Turns: 9358, Time: 00:23:17

Health: -8/57      AC:  3    Str:  8    XL:     8   Next: 74%
Magic:  4/19       EV: 12    Int: 24    God:
Gold:   215        SH:  0    Dex: 16    Spells: 8/17 levels left

rFire   . . .      SeeInvis .   u - staff of conjuration
rCold   . . .      Faith    .   (no shield)
rNeg    . . .      Spirit   .   a - +0 robe
rPois   .          Reflect  .   f - +0 helmet
rElec   .          Harm     .   (no cloak)
rCorr   .          Rampage  .   (no gloves)
Will    .....                   (no boots)
Stlth   ++........              i - amulet of regeneration
HPRegen 0.99/turn               (no ring)
MPRegen 0.16/turn               (no ring)

@: no status effects
A: high MP 1, forlorn, divine attributes
a: no special abilities


You were on level 7 of the Dungeon.
You visited 1 branch of the dungeon, and saw 7 of its levels.

You collected 215 gold pieces.

Inventory:

Hand Weapons
 h - a +2 mace of draining
 l - a +0 spear
 o - a +4 dagger
Armour
 a - a +0 robe (worn)
 f - a +0 helmet (worn)
Magical Staves
 s - a staff of poison
 u - a staff of conjuration (weapon)
Jewellery
 g - a ring of fire
 i - an amulet of regeneration (around neck)
Wands
 A - a wand of charming (8)
 B - a wand of paralysis (13)
Scrolls
 d - 3 scrolls of teleportation
 e - a scroll of magic mapping {unknown}
 m - a scroll of fear {unknown}
 p - a scroll of vulnerability {unknown}
 q - a scroll of summoning {unknown}
 v - a scroll of blinking {unknown}
 w - a scroll of brand weapon {unknown}
 x - a scroll of fog {unknown}
 y - a scroll of immolation {unknown}
Potions
 b - 2 potions of ambrosia {unknown}
 c - 2 potions of haste
 j - a potion of berserk rage {unknown}
 k - 4 potions of curing
 n - a potion of brilliance {unknown}
 r - 2 potions of invisibility {unknown}
 t - a potion of heal wounds {unknown}
 z - 2 potions of might {unknown}


   Skills:
 - Level 1.7 Dodging
 - Level 1.7 Stealth
 + Level 5.4 Spellcasting
 * Level 10.0 Conjurations


You had 8 spell levels left.
You knew the following spells:

 Your Spells              Type           Power      Damage    Failure   Level
a - Magic Dart            Conj           100%       1d8       1%          1
b - Iskenderun's Mystic   Conj/Tloc      45%        2d10      11%         4
c - Fulminant Prism       Conj/Hex       22%        3d13      11%         4

Your spell library contained the following spells:

 Spells                   Type           Power      Damage    Failure   Level
 Searing Ray              Conj           100%       2d8       1%          2
 Dazzling Flash           Conj/Hex       90%        N/A       3%          3
 Summon Small Mammal      Summ           24%        N/A       9%          1
 Call Canine Familiar     Summ           6%         N/A       26%         3
 Gell's Gravitas          Tloc           6%         N/A       26%         3
 Summon Guardian Golem    Hex/Summ       6%         N/A       26%         3
 Teleport Other           Tloc           6%         N/A       26%         3
 Cause Fear               Hex            3%         N/A       63%         4
 Petrify                  Tmut/Erth      6%         N/A       63%         4
 Summon Lightning Spire   Summ/Air       6%         N/A       63%         4
 Metabolic Englaciation   Hex/Ice        3%         N/A       93%         5
 Dispersal                Tloc           3%         N/A       100%        6
 Statue Form              Tmut/Erth      4%         N/A       100%        6
 Dragon Form              Tmut           3%         N/A       100%        7
 Storm Form               Tmut/Air       3%         N/A       100%        7
 Maxwell's Capacitive Co  Air            3%         ∞         100%        8
 Dragon's Call            Summ           3%         N/A       100%        9


Dungeon Overview and Level Annotations

Branches:
Dungeon (7/15)
 Temple: D:4-7

Portals:
Abyss: D:5

Annotations:
D:2 Sigmund
D:4 exclusion: sky beast, Eustachio
D:5 2 transporters, MixedWithMadness's ghost, amateur HuBe


Innate Abilities, Weirdness & Mutations

You have an increased reservoir of magic. (+10% MP)
You shall have no god before yourself.
Your divine heritage dramatically boosts your attributes as you level up.


Message History

The steam dragon breathes steam at you. The ball of steam hits you!!
Casting: Magic Dart (safe; 1% risk of failure)
Confirm with . or Enter, or press ? or * to list all spells.
Aiming: Magic Dart (safe; 1% risk of failure)
Press: ? - help, Shift-Dir - straight line You feel a surge of power!
The magic dart hits the steam dragon.
The steam dragon is severely wounded.
The steam dragon closely misses you. The steam dragon barely misses you.
Casting: Magic Dart (safe; 1% risk of failure)
Confirm with . or Enter, or press ? or * to list all spells.
Aiming: Magic Dart (safe; 1% risk of failure)
Press: ? - help, Shift-Dir - straight line You feel a surge of power!
The magic dart hits the steam dragon but does no damage.
The steam dragon is severely wounded.
The steam dragon breathes steam at you. The ball of steam hits you!!
* * * LOW HITPOINT WARNING * * *
Casting: Magic Dart (safe; 1% risk of failure)
Confirm with . or Enter, or press ? or * to list all spells.
Aiming: Fulminant Prism (dangerous; 11% risk of failure)
Press: ? - help, Dir - move target, f - steam dragon
Aim: a steam dragon (severely wounded, catching its breath)
Okay, then.
Casting: Fulminant Prism (dangerous; 11% risk of failure)
Confirm with . or Enter, or press ? or * to list all spells.
Aiming: Fulminant Prism (dangerous; 11% risk of failure)
Press: ? - help, Dir - move target You feel a surge of power!
You conjure a prism of explosive energy!
A fulminant prism comes into view.
The steam dragon bites you!
* * * LOW HITPOINT WARNING * * *
The steam dragon claws you.
* * * LOW HITPOINT WARNING * * *
Your magical contamination has completely faded away.
The steam dragon breathes steam at you. The ball of steam hits you!
You die...

.# #### ### #.# #..
..# #.# #.# #.# #..
#@# #.# #..
###§#####.#### #..
#.§D.........#####..
#§..*.....##.)).....
##.##.....######....
#...####..# ##...
#..... #..# ##..
#....≈# #..# #.#
#..§§≈# ...# #.#


You could see a steam dragon (catching breath, ally target) and a friendly
fulminant prism.

Vanquished Creatures
  2 water moccasins
  2 orc warriors (D:6)
  A black bear (D:5)
  A necrophage (D:7)
  4 ogres (D:6)
  5 scorpions
  A gnoll sergeant (D:7)
  A wyvern skeleton (D:6)
  2 jellies
  A hound (D:4)
  Crazy Yiuf (D:6)
  A bullfrog skeleton (D:4)
  2 centaur skeletons
  2 iguanas (D:6)
  An orc priest (D:6)
  4 orc wizards
  A killer bee zombie (D:6)
  A hound skeleton (D:4)
  3 adders
  12 gnolls
  2 white imps (D:6)
  3 ufetubi
  6 worms
  A dart slug (D:3)
  19 orcs
  7 endoplasms
  A giant cockroach (D:4)
  8 goblins
  12 hobgoblins
  4 jackals (D:5)
  2 quokkas
  4 ball pythons
  7 bats
  4 frilled lizards
  8 kobolds
  5 rats
141 creatures vanquished.

Vanquished Creatures (others)
  21 fulminant prisms
21 creatures vanquished.

Grand Total: 162 creatures vanquished

Notes
Turn   | Place    | Note
-------+----------+-------------------------------------------
     0 | D:1      | Kniotic the Demigod Conjurer began the quest for the Orb.
     0 | D:1      | Reached XP level 1. HP: 14/14 MP: 5/5
    97 | D:1      | Reached skill level 4 in Conjurations
    97 | D:1      | Reached XP level 2. HP: 20/20 MP: 0/7
  1023 | D:1      | Reached XP level 3. HP: 23/26 MP: 6/8
  1657 | D:2      | Reached skill level 5 in Conjurations
  2109 | D:2      | Noticed Sigmund
  2357 | D:3      | Reached XP level 4. HP: 33/33 MP: 4/9
  3447 | D:3      | Learned a level 4 spell: Iskenderun's Mystic Blast
  3450 | D:4      | Noticed Eustachio
  3581 | D:4      | Noticed a sky beast
  3682 | D:4      | Reached skill level 6 in Conjurations
  3682 | D:4      | Reached XP level 5. HP: 28/38 MP: 1/10
  4840 | D:5      | Entered Level 5 of the Dungeon
  4858 | D:5      | Noticed a water moccasin
  4923 | D:5      | Reached XP level 6. HP: 45/45 MP: 7/12
  5083 | D:5      | Learned a level 4 spell: Fulminant Prism
  5111 | D:5      | Killed a water moccasin
  5112 | D:5      | Reached skill level 7 in Conjurations
  5348 | D:5      | Found a transporter.
  5412 | D:5      | Found a transporter.
  5416 | D:5      | Noticed MixedWithMadness's ghost (amateur HuBe)
  5489 | D:5      | Reached XP level 7. HP: 41/50 MP: 4/15
  5613 | D:5      | Found a one-way gate to the infinite horrors of the Abyss.
  6586 | D:6      | Reached skill level 8 in Conjurations
  7477 | D:6      | Reached XP level 8. HP: 57/57 MP: 11/17
  7674 | D:6      | Reached skill level 9 in Conjurations
  7832 | D:6      | Noticed a moth of wrath
  8322 | D:6      | Reached skill level 5 in Spellcasting
  8644 | D:6      | Found a runed translucent door.
  8645 | D:6      | Noticed Crazy Yiuf
  8956 | D:6      | Killed Crazy Yiuf
  9235 | D:7      | Reached skill level 10 in Conjurations
  9358 | D:7      | Killed from afar by a steam dragon

Illustrated notes

Levels and vault maps discovered:
D:1:      nzn_arrival_depleted_hourglass, layout_loops_ring
D:2:      layout_rooms, kennysheep_generic_room_10, uniq_sigmund
D:3:      layout_loops_ring, kennysheep_crisscross
D:4:      layout_loops_ring, bloody_makhleb,
          mainiacjoe_overflow_small_starburst, uniq_eustachio
D:5:      layout_basic, gammafunk_ghost_abyssal_escape
D:6:      layout_basic, tgw_trog, grunt_decor_cap, uniq_crazy_yiuf_cottage
D:7:      cheibrodos_steamvent, layout_loops_corners,
          nicolae_overflow_crystal_walls, minmay_temple_entry_ruins,
          enter_bailey_3

Skill      XL: |  1  2  3  4  5  6  7  8 |
---------------+-------------------------+-----
Conjurations   | 4 5 6 7 8 10 | 10.0
Spellcasting   | 2 3 4 5 |  5.4
Dodging        | |  1.7
Stealth        | |  1.7

Action                   |  1- 3 |  4- 6 |  7- 9 || total
-------------------------+-------+-------+-------++-------
Melee: Flail             |    44 |       |       ||    44
       Mace              |     8 |    12 |     2 ||    22
       Punch             |     1 |       |       ||     1
       Staff             |       |       |     4 ||     4
 Cast: Magic Dart        |    77 |   150 |   156 ||   383
       Fulminant Prism   |       |       |    22 ||    22
       Iskenderun's Myst |       |       |     1 ||     1
  Use: Scroll            |       |     3 |       ||     3
 Stab: Sleeping          |     1 |       |     2 ||     3
Armor: Robe              |     8 |    10 |     5 ||    23
Dodge: Dodged            |    56 |    44 |    31 ||   131
